 Dungeon Crawl Stone Soup version 0.32-a0-898-g7811c86cf0 (webtiles) character file.

Game seed: 1018583443115100155

221 dialectric the Trooper (level 5, -7/82 HPs)
             Began as a Troll Fighter on Apr 4, 2024.
             Mangled by Duvessa
             ... wielding a +0 short sword
              (10 damage)
             ... on level 4 of the Dungeon.
             The game lasted 00:01:24 (1071 turns).

dialectric the Trooper (Troll Fighter)              Turns: 1071, Time: 00:01:24

Health: -7/82      AC: 22    Str: 26    XL:     5   Next: 65%
Magic:  4/4        EV:  1    Int:  4    God:
Gold:   27         SH:  0    Dex:  9    Spells: 4/4 levels left

rFire   . . .        a - +0 flail
rCold   . . .        (no shield)
rNeg    . . .        b - melded +0 robe
rPois   +            (helmet currently unavailable)
rElec   .            f - melded +2 cloak
rCorr   .            (gloves unavailable)
SInv    .            (boots unavailable)
Will    .....        (no amulet)
Stlth   +            (no ring)
HPRegen 1.13/turn    (no ring)
MPRegen 0.09/turn

%: no passive effects
@: tree-form (expiring)
A: stationary, stasis, torment immunity, boosted hp, large, unfitting armour,
(claws 3), regeneration 1, (shaggy fur 1), (tough skin 1)
a: no special abilities


You were on level 4 of the Dungeon.
You were a tree.
You visited 1 branch of the dungeon, and saw 3 of its levels.

You collected 27 gold pieces.

Inventory:

Hand Weapons
 a - a +0 flail (weapon)
Missiles
 e - 4 poisoned darts (quivered)
Armour
 b - a +0 robe (melded)
 c - a +0 kite shield
 f - a +2 cloak (melded)
 i - a scarf of shadows
Scrolls
 g - a scroll of identify


   Skills:
 * Level 4.5 Fighting
 + Level 3.4 Maces & Flails
 - Level 2.4 Dodging
 - Level 2.6 Shields


You had 4 spell levels left.
You didn't know any spells.
Your spell library was empty.

Dungeon Overview and Level Annotations

Branches:
Dungeon (2/15)

Altars:
Fedhas

Annotations:
D:4 Duvessa


Innate Abilities, Weirdness & Mutations

You are a tree.
Your roots penetrate the ground, keeping you stationary.
You cannot be teleported.
You are immune to unholy pain and torment.
Your maximum health is greatly increased.
Your equipment is partially melded.
You are too large for most types of armour.
((You have claws for hands.))
Your natural rate of healing is unusually fast.
((You are covered in fur. (AC +1)))
((You have tough skin. (AC +1)))


Message History

Duvessa hits you but does no damage. x2
You cannot move.
Unknown command.
You hit Duvessa but do no damage. Duvessa hits you but does no damage.
Unknown command.
You barely miss Duvessa. Duvessa hits you with a +0 short sword.
Duvessa hits you but does no damage.
You closely miss Duvessa. Duvessa hits you but does no damage.
Duvessa hits you with a +0 short sword.
You hit Duvessa.
Duvessa is lightly wounded.
Your transformation is almost over.
Duvessa hits you but does no damage. x2
You hit Duvessa but do no damage.
Duvessa is lightly wounded.
Duvessa hits you but does no damage. x2
You sock Duvessa!
Duvessa is moderately wounded.
Duvessa hits you with a +0 short sword.
You hit Duvessa.
Duvessa is moderately wounded.
Duvessa hits you with a +0 short sword!
* * * LOW HITPOINT WARNING * * *
Duvessa hits you but does no damage.
You barely miss Duvessa.
Duvessa is moderately wounded.
Duvessa hits you but does no damage. Duvessa hits you with a +0 short sword.
* * * LOW HITPOINT WARNING * * *
You hit Duvessa.
Duvessa is heavily wounded.
Duvessa hits you with a +0 short sword.
* * * LOW HITPOINT WARNING * * *
Duvessa hits you with a +0 short sword!
* * * LOW HITPOINT WARNING * * *
You hit Duvessa but do no damage.
Duvessa is heavily wounded.
Duvessa hits you with a +0 short sword.
* * * LOW HITPOINT WARNING * * *
Duvessa hits you with a +0 short sword!
You die...

.#.# ## .#.# # #..
...##.# ##########
#.# .....
.........#####.###...
.........#.....!.#.#
.........#.........#
.........#.....).###
##'#######.....e♣#
.....).........).#
)................#
.................#
.................#
.................#
....................
##.###....###...####
#.# #....# #...#


You could see Duvessa (berserk, fast).

Vanquished Creatures
  An ice beast (D:4)
  Dowan (D:4)
  An iguana (D:4)
  A gnoll (D:4)
  An adder (D:2)
  4 orcs (D:4)
  4 endoplasms
  4 giant cockroaches
  3 goblins
  A hobgoblin (D:2)
  3 jackals (D:1)
  A ball python (D:4)
  A bat (D:1)
  2 frilled lizards (D:1)
  4 rats
32 creatures vanquished.

Notes
Turn   | Place    | Note
-------+----------+-------------------------------------------
     0 | D:1      | dialectric the Troll Fighter began the quest for the Orb.
     0 | D:1      | Reached XP level 1. HP: 22/22 MP: 0/0
   469 | D:1      | Reached XP level 2. HP: 29/29 MP: 1/1
   769 | D:2      | Reached skill level 3 in Fighting
   804 | D:2      | Reached XP level 3. HP: 29/37 MP: 2/2
   807 | D:2      | You fall into a shaft and drop 2 floors!
   900 | D:4      | Found a blossoming altar of Fedhas.
   931 | D:4      | Reached XP level 4. HP: 46/46 MP: 3/3
   984 | D:4      | Noticed an ice beast
   998 | D:4      | Killed an ice beast
   999 | D:4      | Reached skill level 4 in Fighting
   999 | D:4      | Reached XP level 5. HP: 13/54 MP: 4/4
  1040 | D:4      | Noticed Duvessa
  1040 | D:4      | Noticed Dowan
  1059 | D:4      | Killed Dowan
  1071 | D:4      | HP: 3/82 [Duvessa/+0 short sword (4)]
  1071 | D:4      | Mangled by Duvessa

Illustrated notes

Levels and vault maps discovered:
D:1:      nicolae_arrival_somewhat_less_tricky_arrival, layout_basic
D:2:      minmay_recursive_quarters, layout_loops_ring, chequers_mini_garden
D:4:      layout_basic, kennysheep_mini_moat, uniq_duvessa

Skill      XL: |  1  2  3  4 |
---------------+-------------+-----
Maces & Flails | 2 3 |  3.4
Fighting       | 3 4 |  4.5
Dodging        | |  2.4
Shields        | |  2.6

Action                     |  1- 3 |  4- 6 || total
---------------------------+-------+-------++-------
  Melee: Flail             |    83 |    33 ||   116
  Throw: Dart              |     3 |       ||     3
    Use: Potion            |       |     2 ||     2
         Scroll            |       |     1 ||     1
 Armour: Robe              |    80 |    13 ||    93
         Skin              |       |    60 ||    60
  Dodge: Dodged            |    76 |     3 ||    79

Table legend: (Time is in decaauts)
 A = Elapsed time spent in this place.
 B = Non-inter-level travel time spent in this place.
 C = Inter-level travel time spent in this place.
 D = Time resting spent in this place.
 E = Time spent auto-exploring this place.
 F = Levels seen in this place.
 G = Mean time per level.
                   A        B        C        D        E       F      G
               +--------+--------+--------+--------+--------+-----+--------+
         Total |   1102 |   1061 |     41 |     37 |    719 |   3 |  367.3 |
       Dungeon |   1102 |   1061 |     41 |     37 |    719 |   3 |  367.3 |
               +--------+--------+--------+--------+--------+-----+--------+

Top non-repeatable levels by time:
     D:1: 766 daAuts
     D:4: 277 daAuts
     D:2: 58 daAuts
